 Dungeon Crawl Stone Soup version 0.28.0-43-g3370ac3207 (webtiles) character file.

Game seed: 2425394522675779869

2071 pkoi the Destroyer (level 9, -3/51 HPs)
             Began as an Octopode Conjurer on Mar 16, 2022.
             Was an Initiate of Sif Muna.
             Shot with a sling bullet by Joseph (22 damage)
             ... on level 7 of the Dungeon on Mar 17, 2022.
             The game lasted 00:14:07 (11714 turns).

pkoi the Destroyer (Octopode Conjurer)             Turns: 11714, Time: 00:14:08

Health: -3/51      AC:  1    Str:  6    XL:     9   Next: 26%
Magic:  1/12       EV: 17    Int: 24    God:    Sif Muna [......]
Gold:   535        SH:  0    Dex: 11    Spells: 1/12 levels left

rFire   . . .      SeeInvis .   a - +2 dagger (venom)
rCold   . . .      Faith    .   (no shield)
rNeg    . . .      Spirit   .   (helmet restricted)
rPois   .          Reflect  .   (no amulet)
rElec   .          Harm     .   c - +4 ring of evasion
rCorr   .          Rampage  .   (no ring)
Will    .....                   (no ring)
Stlth   +++.......              (no ring)
HPRegen 0.17/turn               (no ring)
MPRegen 0.13/turn               (no ring)
                                (no ring)
                                (no ring)

@: very slightly contaminated
A: almost no armour, amphibious, 8 rings, camouflage 1, gelatinous body 1,
(nimble swimmer 1), tentacles
a: Renounce Religion


You were on level 7 of the Dungeon.
You worshipped Sif Muna.
Sif Muna was noncommittal.
You visited 2 branches of the dungeon, and saw 8 of its levels.
You also visited: Ossuary.

You collected 535 gold pieces.

Inventory:

Hand Weapons
 a - a +2 dagger of venom (weapon)
 b - a +1 short sword of flaming
Armour
 j - an orb of mayhem
Jewellery
 c - a +4 ring of evasion (left tentacle)
Wands
 g - a wand of acid (10)
 n - a wand of paralysis (12)
Scrolls
 d - 2 scrolls of identify
 e - 2 scrolls of immolation
 f - 4 scrolls of teleportation
 o - 2 scrolls of fog
 q - a scroll of enchant weapon
Potions
 h - a potion of heal wounds {unknown}
 i - 2 potions of haste
 k - 2 potions of curing
 l - a potion of invisibility
 m - 4 potions of flight {unknown}
 p - 2 potions of might {unknown}


   Skills:
 - Level 2.0 Dodging
 - Level 2.6 Stealth
 + Level 2.0 Spellcasting
 - Level 10.6 Conjurations
 + Level 2.9 Hexes
 + Level 5.0 Translocations
 - Level 3.0 Invocations


You had one spell level left.
You knew the following spells:

 Your Spells              Type           Power      Damage    Failure   Level
a - Magic Dart            Conj           100%       1d8       1%          1
b - Searing Ray           Conj           100%       2d8       1%          2
c - Iskenderun's Mystic   Conj/Tloc      39%        2d9       4%          4
d - Fulminant Prism       Conj/Hex       17%        3d11      8%          4

Your spell library contained the following spells:

 Spells                   Type           Power      Damage    Failure   Level
 Animate Skeleton         Necr           4%         N/A       12%         1
 Pain                     Necr           8%         1d4       12%         1
 Dazzling Flash           Conj/Hex       68%        N/A       2%          3
 Gell's Gravitas          Tloc           26%        N/A       4%          3
 Lesser Beckoning         Tloc           26%        N/A       4%          3
 Teleport Other           Tloc           26%        N/A       4%          3
 Vampiric Draining        Necr           2%         2d6       34%         3


Dungeon Overview and Level Annotations

Branches:
Dungeon (7/15)             Temple (1/1) D:6         Ossuary (visited)

Altars:
Ashenzari
Cheibriados
Dithmenos
Elyvilon
Fedhas
Gozag
Hepliaklqana
Kikubaaqudgha
Makhleb
Nemelex Xobeh
Okawaru
Qazlal
Sif Muna
Trog
Uskayaw
Vehumet
Wu Jian
Xom
Yredelemnul
Zin
The Shining One
Ignis

Annotations:
D:7 Joseph


Innate Abilities, Weirdness & Mutations

You cannot wear most types of armour.
You are amphibious.
You can wear up to eight rings at the same time.
Your skin changes colour to match your surroundings (Stealth+).
Your rubbery body absorbs attacks. (AC +1, EV +1)
((You are camouflaged when in or above water. (Stealth+)))
You have tentacles for arms and can constrict up to eight enemies at once.


Message History

Unknown command.
Casting: Iskenderun's Mystic Blast (dangerous; 4% risk of failure)
Confirm with . or Enter, or press ? or * to list all spells.
Okay, then.
Unknown command.
Unknown command.
Unknown command.
d - 2 scrolls of identify (gained 1)
Things that are here:
19 arrows; a +0 shortbow
Found 23 stones.
Found a stone staircase leading up.
Joseph unwields a +0 quarterstaff.
Joseph wields a +1 vorpal hunting sling.
Joseph shoots a sling bullet.
The sling bullet closely misses you.
Casting: Iskenderun's Mystic Blast (dangerous; 4% risk of failure)
Confirm with . or Enter, or press ? or * to list all spells.
You erupt in a blast of force!
The mystic blast hits Joseph.
Joseph is lightly wounded.
Joseph is knocked back by the mystic blast.
Unknown command.
Casting: Iskenderun's Mystic Blast (dangerous; 4% risk of failure)
Confirm with . or Enter, or press ? or * to list all spells.
Aiming: Fulminant Prism (dangerous; 8% risk of failure)
Press: ? - help, Dir - move target You conjure a prism of explosive energy!
A fulminant prism comes into view.
Joseph shoots a sling bullet.
The sling bullet hits you!!
* * * LOW HITPOINT WARNING * * *
x2 You hear a loud crackle.
You hear an explosion!
You see here a water moccasin corpse.
Casting: Fulminant Prism (dangerous; 8% risk of failure)
Confirm with . or Enter, or press ? or * to list all spells.
Aiming: Fulminant Prism (dangerous; 8% risk of failure)
Press: ? - help, Dir - move target You miscast Fulminant Prism.
You are very lightly contaminated with residual magic.
Nothing appears to happen.
Joseph shoots a sling bullet.
The sling bullet hits you!!
You die...

#....##...# #.#.######.#
#....##...#####.#........#
..........#.....'<.......#
.######.#.....#.#........#
.# #.#.###.#.#........# Y.
#..................# .@
##...###.#.##.####### ...
.....###.#.##.###
...####@..#.....@....#
.#........#...†..#.#.#
#....#...##......
#..*.#(...........
#....#@.:#........#
#...........###.###
##.......#.## .#
#...#....... #
............###


You could see Joseph.

Vanquished Creatures
  Pikel (D:3)
  Sigmund (D:2)
  2 water moccasins
  A sky beast (D:7)
  2 ogres
  A centaur (D:7)
  A lemure (D:4)
  A bullfrog (D:6)
  A water moccasin zombie (D:4)
  3 electric eels (D:6)
  2 centaur zombies (D:4)
  A bullfrog zombie (D:4)
  An orc priest (D:5)
  A hound (D:5)
  An iguana (D:5)
  An orc wizard (D:5)
  3 scorpion zombies (D:4)
  2 hound zombies (D:4)
  A hound skeleton (D:4)
  8 mummies (Ossuary)
  A howler monkey zombie (D:4)
  4 gnolls (D:3)
  7 adders
  2 shadow imps
  A white imp (D:6)
  7 adder zombies (D:4)
  3 worms
  A dart slug (D:4)
  12 orcs
  5 endoplasms
  2 giant cockroaches (D:3)
  A gnoll zombie (Ossuary)
  10 hobgoblins
  9 jackals
  5 kobolds
  5 quokkas
  6 ball pythons
  3 bats
  3 frilled lizards
  7 goblins
  2 hobgoblin zombies (Ossuary)
  5 kobold zombies (Ossuary)
  A quokka skeleton (D:4)
  A quokka zombie (D:4)
  2 rats (D:3)
140 creatures vanquished.

Vanquished Creatures (others)
  4 fulminant prisms (D:7)
  10 withered plants (D:4)
14 creatures vanquished.

Grand Total: 154 creatures vanquished

Notes
Turn   | Place    | Note
-------+----------+-------------------------------------------
     0 | D:1      | pkoi the Octopode Conjurer began the quest for the Orb.
     0 | D:1      | Reached XP level 1. HP: 11/11 MP: 3/3
   608 | D:1      | Reached XP level 2. HP: 17/17 MP: 1/5
  1506 | D:2      | Learned a level 2 spell: Searing Ray
  1532 | D:2      | Reached XP level 3. HP: 21/21 MP: 4/6
  1539 | D:2      | Found a faded altar of an unknown god.
  1543 | D:2      | Reached skill level 5 in Conjurations
  2476 | D:2      | Reached XP level 4. HP: 27/27 MP: 3/7
  2856 | D:2      | Noticed Sigmund
  3185 | D:2      | Killed Sigmund
  3186 | D:2      | Reached skill level 7 in Conjurations
  3186 | D:2      | Reached XP level 5. HP: 28/31 MP: 1/8
  3186 | D:2      | Reached XP level 6. HP: 33/36 MP: 1/9
  4358 | D:3      | Found a stormy altar of Qazlal.
  4726 | D:3      | Found a snail-covered altar of Cheibriados.
  4731 | D:3      | Found a shadowy altar of Dithmenos.
  4731 | D:3      | Found a glowing golden altar of the Shining One.
  4731 | D:3      | Found an iron altar of Okawaru.
  4732 | D:3      | Found a white marble altar of Elyvilon.
  4734 | D:3      | Found an ancient bone altar of Kikubaaqudgha.
  4735 | D:3      | Found a burning altar of Makhleb.
  5626 | D:4      | Reached skill level 8 in Conjurations
  6164 | D:4      | Noticed Pikel
  6190 | D:3      | Killed Pikel
  6191 | D:3      | Reached skill level 9 in Conjurations
  6191 | D:3      | Reached XP level 7. HP: 4/41 MP: 1/10
  6191 | D:3      | Reached XP level 8. HP: 4/46 MP: 1/11
  6776 | D:4      | Reached skill level 10 in Conjurations
  7725 | D:5      | Entered Level 5 of the Dungeon
  7869 | D:5      | Learned a level 4 spell: Iskenderun's Mystic Blast
  7920 | D:5      | Learned a level 4 spell: Fulminant Prism
  7956 | D:5      | Found a sand-covered staircase.
  7991 | Ossuary  | Entered an ossuary
  8057 | Ossuary  | Reached skill level 1 in Translocations
  9676 | D:6      | Found a staircase to the Ecumenical Temple.
  9701 | Temple   | Entered the Ecumenical Temple
  9777 | Temple   | Became a worshipper of Sif Muna the Loreminder
 10028 | D:6      | Reached skill level 1 in Invocations
 10028 | D:6      | Reached XP level 9. HP: 51/51 MP: 7/12
 10205 | D:6      | Found a hide-covered altar of Uskayaw.
 11071 | D:6      | Reached skill level 1 in Hexes
 11071 | D:6      | Reached skill level 5 in Translocations
 11351 | D:7      | Noticed Joseph
 11714 | D:7      | Shot with a sling bullet by Joseph

Illustrated notes

Levels and vault maps discovered:
D:1:      mrwooster_arrival_statue_3, layout_basic
D:2:      layout_loops_ring, dreamdust_ecumenical_altar_statues, uniq_sigmund
D:3:      layout_rooms, minitemple, mainiacjoe_overflow_24_doors
D:4:      layout_loops_cross, serial_undead, serial_undead_f, serial_undead_b,
          serial_undead_d, serial_undead_a, serial_undead_f, serial_undead_d,
          serial_undead_f, serial_undead_c, serial_undead_e, serial_undead_c,
          uniq_pikel
D:5:      layout_basic, enter_ossuary_5
D:6:      layout_loops_corners, lemuel_crystal_altar, temple_fountains,
          kennysheep_decorative_pillar, minivault_14
D:7:      layout_basic, serial_shops, kennysheep_mini_moat, uniq_joseph
Temple:   ebering_untended_altars

Skill      XL: |  1  2  3  4  5  6  7  8  9 |
---------------+----------------------------+-----
Conjurations   | 5 7 9 10 | 10.6
Translocations | 4 5 |  5.0
Invocations    | 1 3 |  3.0
Hexes          | 2 |  2.9
Dodging        | |  2.0
Stealth        | |  2.6
Spellcasting   | |  2.0

Action                   |  1- 3 |  4- 6 |  7- 9 || total
-------------------------+-------+-------+-------++-------
Melee: Dagger            |    27 |    28 |    53 ||   108
       Constrict         |     5 |     7 |    12 ||    24
       Tentacles         |     5 |     8 |    17 ||    30
 Cast: Magic Dart        |    58 |   111 |    53 ||   222
       Searing Ray       |       |     9 |    24 ||    33
       Iskenderun's Myst |       |       |    11 ||    11
       Fulminant Prism   |       |       |     4 ||     4
  Use: Potion            |       |     1 |     3 ||     4
       Scroll            |       |       |    14 ||    14
 Stab: Sleeping          |       |     1 |     2 ||     3
Armor: Skin              |     1 |     3 |     5 ||     9
Dodge: Dodged            |    21 |    45 |    43 ||   109
